 Dungeon Crawl Stone Soup version 0.31-a0-836-g3ceb0a68c4 (webtiles) character file.

Game seed: 17269068455489630645

56 LeprechaunX the Changeling (level 3, -9/24 HPs)
             Began as an Octopode Shapeshifter on Sept 26, 2023.
             Shot with an arrow by a centaur (12 damage)
             ... on level 4 of the Dungeon.
             The game lasted 00:02:35 (2028 turns).

LeprechaunX the Changeling (Octopode Shapeshifter)  Turns: 2028, Time: 00:02:36

Health: -9/24      AC:  1    Str: 15    XL:     3   Next: 97%
Magic:  3/3        EV: 13    Int: 12    God:
Gold:   177        SH:  0    Dex: 11    Spells: 2/2 levels left

rFire   . .          .
                       - Unarmed
rCold   . . .        (no shield)
rNeg    . . .        (helmet currently unavailable)
rPois   .            (no amulet)
rElec   .            k - ring of willpower
rCorr   .            (no ring)
SInv    .            (no ring)
Will    +....        (no ring)
Stlth   ++           (no ring)
HPRegen 0.24/turn    (no ring)
MPRegen 0.08/turn    (no ring)
                     (no ring)

%: no passive effects
@: beast-form
A: beast (slay +2), almost no armour, amphibious, 8 rings, camouflage 1,
gelatinous body 1, (nimble swimmer 1), tentacles
a: Begin Untransformation


You were on level 4 of the Dungeon.
You were a hulking beast.
You visited 1 branch of the dungeon, and saw 4 of its levels.

You collected 177 gold pieces.

Inventory:

Jewellery
 k - a ring of willpower (left tentacle)
 o - a ring of fire
Talismans
 b - a beast talisman (active)
 c - a flux talisman
Wands
 p - a wand of mindburst (11)
Scrolls
 d - 2 scrolls of enchant weapon {unknown}
 f - 3 scrolls of revelation {unknown}
 h - 2 scrolls of noise {unknown}
 i - 2 scrolls of identify {unknown}
 m - a scroll of torment {unknown}
 n - a scroll of blinking {unknown}
 q - a scroll of poison {unknown}
Potions
 a - a potion of lignification
 e - 2 potions of curing {unknown}
 g - a potion of degeneration {unknown}
 j - a potion of resistance {unknown}
 l - a potion of heal wounds {unknown}


   Skills:
 + Level 1.7 Fighting
 + Level 2.5 Dodging
 + Level 3.4 Unarmed Combat
 * Level 3.6 Shapeshifting


You had 2 spell levels left.
You didn't know any spells.
Your spell library contained the following spells:

 Spells                   Type           Power      Damage    Failure   Level
 Hailstorm                Conj/Ice       0%         3d3       69%         3
 Tukima's Dance           Hex            0%         N/A       69%         3
 Dimensional Bullseye     Hex/Tloc       0%         N/A       97%         4
 Iskenderun's Mystic Bla  Conj/Tloc      0%         2d3       97%         4
 Summon Ice Beast         Ice/Summ       0%         N/A       97%         4
 Simulacrum               Ice/Necr       0%         N/A       100%        6


Dungeon Overview and Level Annotations

Branches:
Dungeon (4/15)
 Temple: D:4-7

Altars:
Dithmenos
Gozag

Shops:
D:1 :?   D:3 !


Innate Abilities, Weirdness & Mutations

You are a hulking beast.
Your limbs bulge with bestial killing power. (Slay +2)
You cannot wear most types of armour.
You are amphibious.
You can wear up to eight rings at the same time.
Your skin changes colour to match your surroundings (Stealth+).
Your rubbery body absorbs attacks. (AC +1, EV +1)
((You are camouflaged when in or above water. (Stealth+)))
You have tentacles for arms and can constrict up to eight enemies at once.


Message History

An endoplasm is nearby!
An endoplasm is nearby!
An endoplasm is nearby!
The endoplasm quivers.
You tentacle-slap the endoplasm.
The endoplasm is almost dead.
The endoplasm closely misses you.
You tentacle-slap the endoplasm.
You kill the endoplasm!
No target in view!
No target in view!
There is an open door here.
An endoplasm comes into view.
An endoplasm is nearby!
An endoplasm is nearby!
An endoplasm is nearby!
An endoplasm is nearby!
A centaur comes into view.
The centaur shouts!
The centaur wields a +0 shortbow.
The centaur shoots an arrow.
The arrow hits you!
The centaur shoots an arrow.
The arrow hits you!
Ouch! That really hurt!
* * * LOW HITPOINT WARNING * * *
You are too injured to fight recklessly!
You are too injured to fight recklessly!
You are too injured to fight recklessly!
Unknown command.
There is an open door here.
The centaur shoots an arrow.
The arrow misses you.
You close the door.
A centaur breaks down the door.
The centaur shoots an arrow.
The arrow closely misses you.
The centaur shoots an arrow.
The arrow hits you.
* * * LOW HITPOINT WARNING * * *
The centaur shoots an arrow.
The arrow closely misses you.
An endoplasm comes into view.
The centaur shoots an arrow.
The arrow barely misses you.
The centaur shoots an arrow.
The arrow hits you!
Ouch! That really hurt!
You die...

##......# #.#.## ##.....#
#...<# ######.....## ###.##
.....'.....># #.######
c#####..c...# #......### .#
#......# #..###...# .#
#.....)# #..#⌠#.#.# .#
######c######..###.#.### ..
#.....h...........#
...########.####.#.##..####.#
.#............##.#.##.##
.##.......#.#.##.#.##.#
#.......#.#.##...##.#
#.......#.#.#######.#
#.......#.#.........#####.#
#....J..#.#........)......#
####..................#####


You could see a centaur.

Vanquished Creatures
  3 adders
  4 ball pythons
  2 endoplasms
  A giant cockroach (D:1)
  7 hobgoblins
  2 quokkas (D:2)
  2 frilled lizards
  3 goblins
  2 kobolds
  A rat (D:1)
27 creatures vanquished.

Notes
Turn   | Place    | Note
-------+----------+-------------------------------------------
     0 | D:1      | LeprechaunX the Octopode Shapeshifter began the quest for
                  | the Orb.
     0 | D:1      | Reached XP level 1. HP: 13/13 MP: 1/1
   197 | D:1      | Found Wepneav's Magic Scroll Shoppe.
   337 | D:1      | Reached XP level 2. HP: 18/18 MP: 2/2
   510 | D:1      | Found Veun's Book Shoppe.
   772 | D:2      | Reached XP level 3. HP: 18/23 MP: 3/3
   904 | D:2      | Found a shadowy altar of Dithmenos.
  1367 | D:3      | Noticed an ogre
  1383 | D:3      | Found a faded altar of an unknown god.
  1496 | D:3      | Found Foycintupe's Distillery.
  1957 | D:4      | Found an opulent altar of Gozag.
  2011 | D:4      | Noticed a centaur
  2028 | D:4      | Shot with an arrow by a centaur

Illustrated notes

Levels and vault maps discovered:
D:1:      heliophobic_arrival_glass_houses, layout_basic, serial_shops,
          nicolae_shop_real_fake_doors, nicolae_shop_window_shopping
D:2:      layout_loops_cross, basic_altar
D:3:      layout_basic, serial_shops, nicolae_shop_waterfront, serial_glass,
          glass_columns_b, glass_columns_a, minmay_strange_pillars,
          due_unseen_surprise, minmay_strange_pillars, feat_on_display,
          hellmonk_ecumenical_altar_pennies_from_heaven,
          kennysheep_generic_room_9
D:4:      layout_basic, grunt_gozag_statues, serial_shops, shop,
          dreamdust_princess_bridge, feat_on_display, uniq_eustachio

Action                     || total
---------------------------++-------
  Melee: Unarmed           ||    54
         Constrict         ||    13
         Tentacles         ||     9
   Stab: Sleeping          ||     7
 Armour: Skin              ||    24
  Dodge: Dodged            ||    22

Table legend: (Time is in decaauts)
 A = Elapsed time spent in this place.
 B = Non-inter-level travel time spent in this place.
 C = Inter-level travel time spent in this place.
 D = Time resting spent in this place.
 E = Time spent auto-exploring this place.
 F = Levels seen in this place.
 G = Mean time per level.
                   A        B        C        D        E       F      G
               +--------+--------+--------+--------+--------+-----+--------+
         Total |   2024 |   1928 |     96 |      0 |   1659 |   4 |  506.0 |
       Dungeon |   2024 |   1928 |     96 |      0 |   1659 |   4 |  506.0 |
               +--------+--------+--------+--------+--------+-----+--------+

Top non-repeatable levels by time:
     D:2: 696 daAuts
     D:1: 648 daAuts
     D:3: 548 daAuts
     D:4: 131 daAuts
